 Dungeon Crawl Stone Soup version 0.26-a0-672-g1df16c3386 (webtiles) character file.

Game seed: 15949757517671711787

5 somkeydreadnuts the Sneak (level 1, -1/14 HPs)
             Began as a Gargoyle Delver on Oct 19, 2020.
             Slain by a worker ant (2 damage)
             ... on level 4 of the Dungeon.
             The game lasted 00:02:03 (229 turns).

somkeydreadnuts the Sneak (Gargoyle Delver)          Turns: 229, Time: 00:02:04

Health: -1/14      AC:  5    Str: 15    XL:     1   Next: 80%
Magic:  1/1        EV: 11    Int: 10    God:
Gold:   0          SH:  0    Dex: 11    Spells: 0/0 levels left

rFire    . . .     SeeInvis .   a - +0 hand axe
rCold    . . .     Faith    .   (no shield)
rNeg     + . .     Spirit   .   b - +0 leather armour
rPois    ∞         Reflect  .   (no helmet)
rElec    +         Harm     .   (no cloak)
rCorr    .         Rampage  .   (no gloves)
MR       .....                  (no boots)
Stlth    +++.......             (no amulet)
HPRegen  0.04/turn              (no ring)
MPRegen  0.07/turn              (no ring)

@: no status effects
A: negative energy resistance 1, electricity resistance, unbreathing,
petrification resistance, rot immunity, AC +2
a: no special abilities


You were on level 4 of the Dungeon.
You visited 1 branch of the dungeon, and saw 3 of its levels.

Inventory:

Hand Weapons
 a - a +0 hand axe (weapon)
Armour
 b - a +0 leather armour (worn)
 h - a +0 leather armour
Wands
 g - a wand of digging (3)
Scrolls
 c - a scroll of fog
 d - a scroll of magic mapping
 e - a scroll of fear
Potions
 f - a potion of haste


   Skills:
 + Level 3.3 Fighting
 + Level 1.8 Axes
 + Level 1.5 Dodging
 + Level 5.7 Stealth


You couldn't memorise any spells.
You didn't know any spells.
Your spell library was empty.

Dungeon Overview and Level Annotations

Branches:
Dungeon (5/15)
 Temple: D:4-7

Altars:

Annotations:
D:3 Sigmund


Innate Abilities, Weirdness & Mutations

You are resistant to torment.
Your stone body is resilient. (AC +2)
You are immune to poison.
You resist negative energy. (rN+)
You are resistant to electric shocks. (rElec)
You can survive without breathing.
You are immune to petrification.
You are immune to rotting.


Message History

You hit the leopard gecko.
You kill the leopard gecko!
The worker ant barely misses you. The worker ant closely misses you.
You see here a leopard gecko corpse.
You hit the worker ant.
The worker ant is lightly wounded.
The worker ant closely misses you.
You closely miss the worker ant.
The worker ant is lightly wounded.
The worker ant bites you.
* * * LOW HITPOINT WARNING * * *
The worker ant misses you.
You barely miss the worker ant.
The worker ant is lightly wounded.
The worker ant closely misses you.
You hit the worker ant but do no damage.
The worker ant is lightly wounded.
The worker ant bites you.
You die...

#... #...#<##.
.#...###........
......#........
. #.............
#.#.............
................
.##......#......
........B.......
#...#.#@##......
##..#.#.# ......
#. ..... .....
...###. .....
.... .# ....
.... . #... .
..... ... .# .
.... .... . .
... .#


You could see a worker ant.

Vanquished Creatures
  A leopard gecko (D:4)
  2 quokkas
  A kobold (D:3)
4 creatures vanquished.

Notes
Turn   | Place    | Note
-------+----------+-------------------------------------------
     0 | D:5      | somkeydreadnuts the Gargoyle Delver began the quest for the
                  | Orb.
     0 | D:5      | Reached XP level 1. HP: 14/14 MP: 1/1
     3 | D:5      | Noticed an orc wizard
    25 | D:4      | Noticed an ice beast
   161 | D:3      | Noticed Sigmund
   162 | D:3      | You fall into a shaft and drop 1 floor!
   213 | D:4      | Noticed a worker ant
   229 | D:4      | Slain by a worker ant

Illustrated notes

Levels and vault maps discovered:
D:3:      layout_loops_cross, uniq_sigmund
D:4:      layout_cave_pools, kennysheep_mini, minmay_temple_entry_ruins,
          uniq_crazy_yiuf_cottage
D:5:      layout_loops_ring, uniq_edmund

Action                   || total
-------------------------++-------
Melee: Hand axe          ||    21
 Stab: Sleeping          ||     1
Armor: Leather armour    ||     8
Dodge: Dodged            ||    15

Table legend: (Time is in decaauts)
 A = Elapsed time spent in this place.
 B = Non-inter-level travel time spent in this place.
 C = Inter-level travel time spent in this place.
 D = Time resting spent in this place.
 E = Time spent auto-exploring this place.
 F = Levels seen in this place.
 G = Mean time per level.
                   A        B        C        D        E       F      G
               +--------+--------+--------+--------+--------+-----+--------+
         Total |    233 |    233 |      0 |      0 |      0 |   3 |   77.7 |
       Dungeon |    233 |    233 |      0 |      0 |      0 |   3 |   77.7 |
               +--------+--------+--------+--------+--------+-----+--------+

Top non-repeatable levels by time:
     D:3: 133 daAuts
     D:4: 81 daAuts
     D:5: 19 daAuts
